Cogmind - Beta 14 @@@ ROGUE MODE // 2024.08.10 @ 19:07:03 Player: Sionnis Result: Destroyed by S-10 Pest with Light Assault Rifle Performance ------------- Evolutions (0) 0 Regions Visited (2) 400 Robots Destroyed (26) 130 Value Destroyed (594) 594 Prototype IDs (2) 40 Alien Tech Used (0) 0 Bonus (0) 0 TOTAL SCORE: 1164 Bonus ------- None Cogmind --------- Core Integrity 0/250 Matter 284/300 Energy 214/250 System Corruption 0% Temperature Cool (0) Movement Treading (240) Ox1 Location -10/Subcaves Parts ------- > --- POWER (1) -------- Ion Engine > --- PROPULSION (2) --- Light Treads Light Treads > --- UTILITY (2) ------ Heat Sink High-capacity Storage Unit > --- WEAPON (2) ------- Subdweller Laser Light Cannon > --- INVENTORY (20) --- Light Treads Light Treads Wheel Wheel Subdweller Monowheel Flight Unit Flight Unit Flight Unit Flight Unit Medium Storage Unit Signal Interpreter Scrap Shield Subdweller Laser Light Assault Rifle Peak State ------------ > --- POWER ------------ Ion Engine > --- PROPULSION ------- Light Treads Light Treads > --- UTILITY ---------- Heat Sink High-capacity Storage Unit > --- WEAPON ----------- Subdweller Laser Light Cannon > --- INVENTORY -------- Light Treads Light Treads Wheel Wheel Flight Unit Flight Unit Flight Unit Flight Unit Medium Storage Unit Signal Interpreter Scrap Shield Subdweller Laser Light Assault Rifle [Rating: 9] Favorites ----------- Power Ion Engine Engine Ion Engine Propulsion Light Treads Treads Light Treads Leg Aluminum Leg Wheel Wheel Utility High-capacity Storage Unit Device Heat Sink Storage High-capacity Storage Unit Protection Light Armor Plating Weapon Light Assault Rifle Energy Gun Subdweller Laser Ballistic Gun Light Assault Rifle Ballistic Cannon Light Cannon Build | -11 -10 -10 ------- Run | Yrd Mat Sub Slots Evolved . | . . . Power . | . . . Propulsion . | . . . Utility . | . . . Weapon . | . . . Parts Attached 23 | 6 16 1 Power 4 | 1 3 . Engine 4 | 1 3 . Core . | . . . Reactor . | . . . Propulsion 7 | 2 5 . Treads 4 | 2 2 . Leg 2 | . 2 . Wheel 1 | . 1 . Hover . | . . . Flight . | . . . Utility 6 | 1 4 1 Device 2 | . 1 1 Storage 3 | 1 2 . Processor . | . . . Hackware . | . . . Protection 1 | . 1 . Artifact . | . . . Weapon 6 | 2 4 . Energy Gun 2 | 1 1 . Energy Cannon . | . . . Ballistic Gun 3 | 1 2 . Ballistic Cannon 1 | . 1 . Launcher . | . . . Special Weapon . | . . . Impact Weapon . | . . . Slashing Weapon . | . . . Piercing Weapon . | . . . Special Melee Weapon . | . . . Unidentified Prototypes . | . . . Parts Lost 7 | . 7 . Power 2 | . 2 . Propulsion 2 | . 2 . Utility 1 | . 1 . Weapon 2 | . 2 . Highest Loss Streak 3 | . 3 . To Critical Strikes . | . . . Average Slot Usage (%) 87 | . 87 87 Engine 13 | . 12 14 Treads 22 | . 20 28 Leg 4 | . 6 . Device 2 | . 2 1 Storage 14 | . 14 14 Protection 2 | . 3 . Energy Gun 12 | . 11 14 Ballistic Gun 9 | . 12 . Ballistic Cannon 4 | . 2 14 Peak Build Rating 9 | 6 8 9 Average Rating 7 | 4 6 8 On Entrance 4 | . 6 8 Naked Turns . | . . . Heaviest Build 53 | 11 52 53 Greatest Support 40 | 40 40 40 Greatest Overweight (x) 4 | . 4 1 Average Overweight (x) . | . . 1 Largest Inventory Capacity 20 | 8 20 20 Average Capacity 17 | 7 17 20 Most Carried 15 | 2 14 15 Average Carried 8 | 1 7 12 Final Capacity 20 | 8 20 20 Final Carried 15 | 2 12 15 Class Distribution -------------------- 83% | Mutant 16% | Scavenger-Mutant Dominant Class ---------------- Mutant | -10/Materials Mutant | -10/Subcaves Resources | -11 -10 -10 ----------- Run | Yrd Mat Sub Matter Collected 531 | 212 269 50 Remotely . | . . . Salvage Created 719 | . 601 118 Parts 34 | . 31 3 Haulers Intercepted . | . . . Recyclers Shooed . | . . . Parts Field Recycled . | . . . Retrieved Matter . | . . . Parts Self-Destructed 9 | . . 9 Prevented . | . . . Kills | -11 -10 -10 ------- Run | Yrd Mat Sub Combat Hostiles Destroyed 25 | . 20 5 Guns 23 | . 19 4 Cannons 1 | . . 1 Classes Destroyed 4 | . 4 . Worker 1 | . 1 . Swarmer 12 | . 9 3 Grunt 10 | . 10 . Subdweller 3 | . 1 2 Best Kill Streak 5 | . 5 2 Combat Bots Only 5 | . 5 2 Max Kills in Single Turn 1 | . 1 1 Gunslinging . | . . . Exploded . | . . . Melee . | . . . Uniques/NPCs Destroyed . | . . . Combat | -11 -10 -10 -------- Run | Yrd Mat Sub Hostile Shots Fired 142 | . 111 31 Missed 33 | . 27 6 Damage Taken 1144 | . 915 229 Core 255 | . 162 93 Absorbed by Shields . | . . . Core Remaining (%) 100 | 100 . . Volleys Fired 84 | . 67 17 Largest 2 | . 2 2 Hottest 95 | . 70 95 Shots Fired 159 | . 128 31 Gun 145 | . 128 17 Cannon 14 | . . 14 Launcher . | . . . Special . | . . . Kinetic 94 | . 80 14 Thermal 65 | . 48 17 Explosive . | . . . Electromagnetic . | . . . Robot Hit Streak 15 | . 15 14 Robot Miss Streak 4 | . 4 1 Penetration Max . | . . . Secondary Targets 3 | . 3 . Max Gunslinging Chain 1 | . 1 . Shots Hit Robots 117 | . 95 22 Core Hits 43 | . 36 7 Critical Kills 1 | . 1 . Critical Parts Destroyed 1 | . 1 . Critical Strikes 8 | . 8 . Burn 6 | . 6 . Destroy 2 | . 2 . Melee Attacks . | . . . Impact . | . . . Slashing . | . . . Piercing . | . . . Sneak Attacks . | . . . Combat Hostiles . | . . . Follow-up Attacks . | . . . Damage Inflicted 1400 | . 970 430 Guns 1250 | . 970 280 Cannons 150 | . . 150 Explosions . | . . . Melee . | . . . Ramming . | . . . Kinetic 633 | . 483 150 Thermal 767 | . 487 280 Explosive . | . . . Electromagnetic . | . . . Impact . | . . . Slashing . | . . . Piercing . | . . . Highest Corruption . | . . . Average Corruption . | . . . Corruption Purged . | . . . Corruption Blocked . | . . . Overload Shots . | . . . Overflow Damage 1 | . . 1 Projectiles 1 | . . 1 Explosions . | . . . Melee . | . . . Knockbacks 1 | . . 1 Impact . | . . . Kinetic 1 | . . 1 Secondary . | . . . Self-Inflicted Damage . | . . . Shots . | . . . Rammed . | . . . Targets Rammed . | . . . Kicked . | . . . Crushed . | . . . Highest Temperature 186 | . 186 . Average Temperature 46 | . 46 . Received Heat Transfer 279 | . 249 30 Siege Activations . | . . . Robots Corrupted . | . . . Combat Hostiles . | . . . Parts Fried . | . . . Impact Corruptions . | . . . Robots Melted 1 | . 1 . Combat Hostiles 1 | . 1 . Parts Melted 9 | . 7 2 Heat Transferred 2138 | . 1813 325 Parts Sabotaged . | . . . Parts Stolen . | . . . Parts Stripped . | . . . Power Chain Reactions . | . . . Alert | -11 -10 -10 ------- Run | Yrd Mat Sub Peak Influence 350 | . 350 . Initial . | . . . Average 161 | . 167 . Maximum Alert Level 1 | . 1 . Low Security (%) 46 | 100 44 . Level 1 53 | . 55 . Level 2 . | . . . Level 3 . | . . . Level 4 . | . . . Level 5 . | . . . High Security . | . . . Max Security . | . . . Squads Dispatched 3 | . 3 . Investigation 2 | . 2 . Extermination . | . . . Reinforcement 1 | . 1 . Assault . | . . . Garrison . | . . . Intercept . | . . . Searches Triggered . | . . . Construction Impeded . | . . . Haulers Reinforced . | . . . Active Scanning Responses . | . . . Cargo Convoy Interrupts . | . . . Stealth | -11 -10 -10 --------- Run | Yrd Mat Sub Distress Signals . | . . . Communications Jammed . | . . . Distress Signals . | . . . Times Spotted 37 | . 30 7 Peak Tracking Total 7 | . 7 3 Tactical Retreats 3 | . 2 1 Traps | -11 -10 -10 ------- Run | Yrd Mat Sub Traps Triggered 1 | . 1 . Indirectly . | . . . Trap Hack Attempts . | . . . Triggered . | . . . Disarmed . | . . . Reprogrammed . | . . . Reused . | . . . Traps Extracted . | . . . Installed . | . . . Triggered . | . . . Machines | -11 -10 -10 ---------- Run | Yrd Mat Sub Machines Disabled . | . . . Max in Single Turn . | . . . Machines Repaired . | . . . Machines Dismantled . | . . . Machines Sabotaged . | . . . Overloaded Fab Kills . | . . . Hacking | -11 -10 -10 --------- Run | Yrd Mat Sub Machines Accessed 7 | . 7 . Terminals 6 | . 6 . Fabricators . | . . . Repair Stations . | . . . Recycling Units 1 | . 1 . Scanalyzers . | . . . Garrison Access . | . . . Total Hacks 21 | . 21 . Successful 13 | . 13 . Failed 8 | . 8 . Catastrophic . | . . . Database Lockouts . | . . . Manual 14 | . 14 . Terminals 19 | . 19 . Fabricators . | . . . Repair Stations . | . . . Recycling Units 2 | . 2 . Scanalyzers . | . . . Garrison Access . | . . . Terminal Hacks 5 | . 5 . Robot Analysis 2 | . 2 . Prototype ID Bank 1 | . 1 . Terminal Index 1 | . 1 . Hauler Manifests 1 | . 1 . Fabricator Hacks . | . . . Repair Station Hacks . | . . . Recycling Unit Hacks . | . . . Scanalyzer . | . . . Garrison Access Hacks . | . . . Unauthorized Hacks 8 | . 8 . Terminals 8 | . 8 . Botnet 2 | . 2 . Operators 1 | . 1 . Skim 5 | . 5 . Fabricators . | . . . Repair Stations . | . . . Recycling Units . | . . . Scanalyzers . | . . . Garrison Access . | . . . Data Cores Recovered . | . . . Used . | . . . Hacking Detections 5 | . 5 . Full Trace Events . | . . . Feedback Events . | . . . Feedback Blocked . | . . . Robot Schematics Acquired . | . . . Robots Built . | . . . Authchips . | . . . Time . | . . . Total Robot Build Rating . | . . . Part Schematics Acquired . | . . . Parts Built . | . . . Authchips . | . . . Time . | . . . Total Part Build Rating . | . . . Parts Repaired . | . . . Time . | . . . Parts Recycled . | . . . Recycled Matter . | . . . Retrieved Matter . | . . . Retrieved Components . | . . . Parts Scanalyzed . | . . . Part Schematics Acquired . | . . . Parts Damaged . | . . . Bothacking | -11 -10 -10 ------------ Run | Yrd Mat Sub Used RIF Installer . | . . . Robots Hacked . | . . . Non-combat . | . . . Combat . | . . . Robot Hacks Applied . | . . . Relay Couplers Released . | . . . Fabnet Peak Effective % . | . . . Robots Rewired . | . . . Allies Hacked . | . . . Hacks Repelled . | . . . Allies | -11 -10 -10 -------- Run | Yrd Mat Sub Total Allies . | . . . Largest Group . | . . . Highest-Rated Group . | . . . Highest-Rated Ally . | . . . Total Orders . | . . . Ally Attacks . | . . . Total Damage . | . . . Kills . | . . . Allies Corrupted . | . . . Allies Melted . | . . . Intel | -11 -10 -10 ------- Run | Yrd Mat Sub Robot Analysis Total 2 | . 2 . Derelict Logs Recovered . | . . . Drone Launches . | . . . Drone Recoveries . | . . . Exploration | -11 -10 -10 ------------- Run | Yrd Mat Sub Turns Passed 2229 | 63 1732 434 Spaces Moved 837 | 35 645 157 Core 3 | 3 . . Treads 679 | 32 490 157 Legs 136 | . 136 . Wheels 19 | . 19 . Hover . | . . . Flight . | . . . Fastest Speed 50 | 50 140 240 Average Speed 215 | 150 212 240 Slowest Speed 320 | 160 320 240 Overloaded Moves . | . . . Propulsion Burnouts . | . . . Robots Hopped . | . . . Cave-ins Triggered . | . . . Exploration Rate (%) 36 | 4 88 18 Regions Visited 2 Branch Regions 1 Pre-discovered Areas 1 | . 1 . Known Exits Taken 1 | . 1 . Unknown Exits Taken 1 | 1 . . Scrap Searched . | . . . Spaces Dug . | . . . Terrain Destroyed . | . . . Melee . | . . . Projectile . | . . . AOE . | . . . Terrain Rammed . | . . . Walls Destroyed . | . . . Machines Disabled . | . . . Actions | -11 -10 -10 --------- Run | Yrd Mat Sub Total 1118 | 42 892 184 Wait 146 | . 140 6 Move 835 | 34 644 157 Hop . | . . . Pick Up 20 | 2 15 3 Fast Attach 16 | 6 10 . Attach 4 | . 3 1 Detach . | . . . Swap 3 | . 3 . Drop 10 | . 10 . Fire 84 | . 67 17 Melee . | . . . Ram . | . . . Kick . | . . . Crush . | . . . Escape Stasis . | . . . Rewire . | . . . Trap . | . . . Miscellaneous . | . . . Route ------- -11/Scrapyard -10/Materials (discovered 6 exits: *Mat x3 / *Min x2 / *Sub) -10/Subcaves (discovered 3 exits: Mat x2 / Rec) History --------- Turn | Location | Event 33 | -11/Scrapyard | Discovered new exit (range 16) 64 | -11/Scrapyard | Entered Materials 253 | -10/Materials | Discovered new exit (range 13) 300 | -10/Materials | Build established: Mutant 499 | -10/Materials | Discovered new exit (range 14) 664 | -10/Materials | Derelicts attacked the area 1010 | -10/Materials | Lost 3 parts (1n1u1w) 1035 | -10/Materials | Core integrity fell below 50% 1369 | -10/Materials | Build established: Scavenger-Mutant 1433 | -10/Materials | Discovered new exit (range 8) 1455 | -10/Materials | Learned 2 Storage zone layouts 1565 | -10/Materials | Learned Storage terminal intel 1608 | -10/Materials | Learned location of 2 exits from Subcaves 1664 | -10/Materials | Learned 4 Subcaves zone layouts 1674 | -10/Materials | Learned location of 1 exit from Recycling 1696 | -10/Materials | Identified exit to Mines 1696 | -10/Materials | Identified exit to Materials 1696 | -10/Materials | Identified exit to Subcaves 1727 | -10/Materials | Learned location of 2 exits from Materials 1743 | -10/Materials | Build established: Mutant 1769 | -10/Materials | Learned 4 Subcaves zone layouts 1796 | -10/Materials | Entered Subcaves 1797 | -10/Subcaves | Identified exit to Materials 1798 | -10/Subcaves | Identified exit to Recycling 2147 | -10/Subcaves | Core integrity fell below 20% 2230 | -10/Subcaves | Destroyed by S-10 Pest with Light Assault Rifle Last Messages --------------- Lgt. Assault Rifle fries itself beyond repair. S-10 Pest destroyed. Acquired 3 matter. Acquired 10 matter. Flight Unit fries itself beyond repair. Acquired 7 matter. CN-5U1(R) destroyed. Sub. Power Source melted. Sub. Optics melted. QY-OZ4(R) destroyed. Acquired Sub. Laser. Acquired 20 matter. Acquired Scrap Shield. Acquired 10 matter. Acquired Sub. Monowheel. Subatomizers dissect the Sub. Optics, destroying it. Destroyed Lgt. Ion Engine. S-10 Pest knocked back. S-10 Pest destroyed. Map ----- +----------------------------------------------------+ | ?????????????????????????????????????????????????? | | ?????????????????????????????????????????????????? | | ?????????????????????????????????????????????????? | | ?????????????????????????????????????????????????? | | ?????????????????????????????????????????????????? | | ?????????????????????????????????????????????????? | | ?????????????????????????????????????????????????? | | ?????????????????????????????????????????????????? | | ?????????????????????????????????????????????????? | | ????????????????????????# ????????????????????? | | ???????????????????????? ????????????????????? | | ???????????????????????? ????????????????????? | | ???????????????????????? ????????????????????? | | ????????????????????#??? ????????????????????? | | ???????????????????? #?? ????????????????????? | | ????????????????????? #?# #????????????????????? | | ????????????????????? ## #?##?????????????????? | | ?????????????????????? ## #?????????????????? | | ??????????????????????# ##????????????????? | | ??????????????????##### #????????????????? | | ??????????????????# #????????????????? | | ?????????????????## #????????????????? | | ?????????????????# """ ##????????????????? | | ?????????????????# """ ##?????????????????? | | ?????????????????# """ % s% #?????####?????????? | | ?????????????????# @% ##?????# #?????????? | | ?????????????????# # #?##### #?????????? | | ?????????????????## " # #### #?????????? | | ??????????????????## "" ###[= # ##?????????? | | ???????????????????#""" ## %&*[ ##??????????? | | ???????????????????##" ### #%!& ## ##??????????? | | ???????????????????## #####%* # #??????????? | | ???????????????????# % #??# ##??????????? | | ?????? ####??#?##??# ##??# # # ##???????????? | | ???? # # #### #???# ######????????????? | | ???? % ##### %####??????????????? | | ???? [% ##" "#??????????????? | | ???? # ##### % %## #??????????????? | | ????????????????###% ## #??????????????? | | ?????????????????## ##" "#??????????????? | | ?????????????????# #" " " "#??????????????? | | ???????????????# ## #"""" """"#??????????????? | | ??????????????# #### #####>#####??????????????? | | ??????????????####?## ##???###??????????????????? | | ???????????????????# #?????????????????????????? | | ???????????????????# ##?###????????????????????? | | ???????????????????## #?# #######??????????????? | | ????????????????##??## #?# ## ##?????????????? | | ????????????? ### ### ### ###???????????? | | ???????????? "" ## #???????????? | +----------------------------------------------------+ Best States ------------- Heat Dissipation 35 Energy Generation 10 Energy Capacity 250 Matter Stores 300 Matter Capacity 300 Sight Range 16 Terrain Scan Density 10 Armor Coverage 150 Evasion (%) 40 Recoil Reduction 2 Item Schematics ----------------- None Robot Schematics ------------------ None Fabricated ------------ Nothing Alien Tech Used ----------------- None Achievements -------------- None Challenges ------------ None Game ------ Seed CobblerElectrostormNanosword Manual? 0 Play Time 00:11:07 Cumulative 556.0 hours Start 2024.08.10 @ 18:57:33 End 2024.08.10 @ 19:07:03 Sessions 1 Manual Loads 0 Difficulty Rogue Special Mode None Game No. 311 Rogue 311 Adventurer 0 Explorer 0 Win Type - Total 36 Types 22/2/4/3/1/1/1/1/1 Lore% 95 Gallery% 97 Achievement% 98 Wizard Run 0 Options --------- Layout 1 ASCII 0 Keyboard 0 Movement Numpad Keybinds 0 Fullscreen 1 Font 24/Smallcaps Map View 50x35 Zoom Use 0% Tactical HUD 1 Map Filters NONE Filters NONE Steam 1 RUN: b46cc11f-ba4a-498e-ac0b-a1dc9b1a7ddd